 Dungeon Sprint DCSS version 0.31.0-12-g77e489cdc1 (webtiles) character file.

Game seed: 14568907402704697503

15400000 Kallu the Wishgranter (level 27, -8/228 HPs)
             Began as a Djinni Warper on Feb 15, 2024.
             Was the Champion of Makhleb.
             Mangled by a bag of meat
             ... wielding a +9 war axe
              (21 damage)
             ... in the Dungeon (Sprint VIII: "Arena of Blood").
             The game lasted 00:05:11 (154 turns).

Kallu the Wishgranter (Djinni Warper)                Turns: 154, Time: 00:05:11

Health: -8/228     AC:  6    Str: 10    XL:     27
Gold:   0          EV: 35    Int: 18    God:    Makhleb [******] SH:  0 Dex: 24

rFire   + + .        h - +∞ Axe of Woe
rCold   x . .        (shield currently unavailable)
rNeg    . . .        a - +0 leather armour
rPois   ∞            (no helmet)
rElec   .            (no cloak)
rCorr   .            (no gloves)
SInv    +            (boots unavailable)
Will    ++...        (no amulet)
Stlth   ++++++++++   i - ring of see invisible
HPRegen 0.58/turn    (no ring)
MPRegen 0.00/turn

%: no teleportation, infuse magic (-9 HP)
@: flying, hasted and slowed
A: sickness immunity, fire resistance 2, cold vulnerability 1, float, innate
caster, HP casting, extra vitality 1
a: Renounce Religion, Minor Destruction, Lesser Servant of Makhleb, Major
Destruction, Greater Servant of Makhleb


You were in the Dungeon.
You worshipped Makhleb.
Makhleb was exalted by your worship.
You visited 1 branch

Inventory:

Hand Weapons
 h - the +∞ Axe of Woe (weapon)
   (You found it in the Dungeon)
Missiles
 c - 7 darts of dispersal
Armour
 a - a +0 leather armour (worn)
Jewellery
 i - a ring of see invisible (left hand)
 j - a +400 ring of slaying
 k - a +30 ring of slaying
Scrolls
 b - 2 scrolls of blinking
Potions
 d - a potion of curing
 e - a potion of heal wounds
 g - a potion of berserk rage


   Skills:
 O Level 27 Fighting
 O Level 27 Short Blades
 O Level 27 Long Blades
 O Level 27 Axes
 O Level 27 Maces & Flails
 O Level 27 Polearms
 O Level 27 Staves
 O Level 27 Ranged Weapons
 O Level 27 Throwing
 O Level 27 Armour
 O Level 27 Dodging
 O Level 27 Stealth
 O Level 27 Shields
 O Level 27 Unarmed Combat
 O Level 27 Spellcasting
 O Level 27 Conjurations
 O Level 27 Hexes
 O Level 27 Summonings
 O Level 27 Necromancy
 O Level 27 Translocations
 O Level 27 Fire Magic
 O Level 27 Ice Magic
 O Level 27 Air Magic
 O Level 27 Earth Magic
 O Level 27 Alchemy
 O Level 27 Invocations
 O Level 27 Evocations
 O Level 27 Shapeshifting


You knew the following spells:

 Your Spells              Type           Power      Damage    Failure   Level
a - Blink                 Tloc           100%       N/A       0%          2
b - Lesser Beckoning      Tloc           100%       N/A       0%          2
c - Teleport Other        Tloc           88%        N/A       0%          3
d - Manifold Assault      Tloc           88%        N/A       0%          4
e - Vhi's Electric Charg  Tloc/Air       100%       N/A       0%          4
f - Sandblast             Erth           100%       2d20      0%          1
g - Jinxbite              Hex            100%       N/A       0%          2
h - Vampiric Draining     Necr           88%        2d12      0%          3
i - Passwall              Erth           88%        N/A       0%          3
j - Metabolic Englaciati  Hex/Ice        44%        N/A       0%          5
k - Summon Mana Viper     Hex/Summ       88%        N/A       0%          5
l - Summon Cactus Giant   Summ           44%        N/A       0%          6
m - Plasma Beam           Fire/Air       44%        2x1d58    0%          6
n - Monstrous Menagerie   Summ           44%        N/A       1%          7
o - Ozocubu's Refrigerat  Ice            44%        4d17      1%          7
p - Enfeeble              Hex            44%        N/A       1%          7
q - Death's Door          Necr           44%        N/A       2%          9
r - Polar Vortex          Ice            44%        12d5*     2%          9
Your spell library was empty.

Dungeon Overview and Level Annotations

Branches:
Dungeon (1/1)

Altars:
Makhleb

Annotations:
D The Meatlord


Innate Abilities, Weirdness & Mutations

You are immune to sickness and miasma.
You are immune to poison.
Your flesh is very heat resistant. (rF++)
You are vulnerable to cold. (rC-)
You float through the air rather than walking.
You learn spells naturally, not from books.
Your magical power is your life essence.
You have superior vitality. (+4 MHP)


Message History

Makhleb accepts your kill.
You feel extremely nervous for a moment...
You feel horribly lethargic.
You feel yourself slow down.
You hear a shout!
You hear an angry hiss.
You hear a shout! x2
The observer gazes at you.
The fireball explodes!
The fireball engulfs you!! You resist.
The fleshlord points at you and mumbles some strange words.
You feel as though you will be slow longer.
The fleshlord gestures at you while chanting.
You already are as slow as you could be.
A scourge comes into view.
The Meatlord waves their arms in wide circles.
The air twists around and strikes you!!
An eight-headed meat hydra comes into view.
The observer gazes at you. Something smites you!
The eight-headed meat hydra roars!
Unknown command.
Casting: Vhi's Electric Charge (safe; 0% risk of failure)
Confirm with . or Enter, or press ? or * to list all spells.
Charge where?
Press: ? - help, Dir - move target, f - destroyer
Aim: a destroyer, wielding a +9 heavy great sword and wearing a +200 ring of slaying (100% to hit)
Okay, then.
You feel yourself speed up.
You hear a shout!
You hear a roar!
A meat berserker comes into view. It is wielding a +9 battleaxe.
The large bag of meat hits you with a +9 giant spiked club!!!!
Ouch! That really hurt!
* * * LOW HITPOINT WARNING * * *
The large bag of meat barely misses you.
The fleshlord casts a spell.
The fleshlord seems to speed up.
The bag of meat completely misses you.
A bag of meat comes into view. It is wielding a +9 war axe. x2
The bag of meat is engulfed in blazing flames.
The Meatlord gestures.
The meat berserker hits you with a +9 battleaxe!!!
* * * LOW HITPOINT WARNING * * *
The bag of meat hits you with a +9 war axe!!
You die...

####))...†).))..).)
#...))..)))))).†)).
....)).)##)##)#####
.....).)..)...))...o..
..####..§))##.##).....
#.....§).)......)))..
..#....§))°°)#.#.)))..
#...)§)°).......)).#
...#OOo@o°..W........O
....#GoOOS.....)......
....O.ppp.............
...V.p.z..............
....o...#W.O....#.....
o.#..*..#...S...# ....
. .O..###)).....###...
o...&.o).)###........
.#........_...... .


You could see The Meatlord, a destroyer, an observer (fast, invisible), 2
scourges, 4 fleshlords, a sculptor of flesh, 2 large bags of meat, a dread, 5
meat berserkers, a wretched soul (invisible), 6 bags of meat and a ball
lightning.

Vanquished Creatures
  12 hell knights (D)
  Sigmund (D)
  14 hell beasts (D)
  10 royal mummies (D)
  6 wraiths (D)
  4 great orbs of eyes (D)
  14 vampire knights (D)
  28 ogres (D)
  9 two-headed ogres (D)
  11 liches (D)
  7 hydras (D)
  11 phantoms (D)
  100 orcs (D)
  13 skeletal warriors (D)
  9 sea snakes (D)
249 creatures vanquished.

Notes
Turn   | Place    | Note
-------+----------+-------------------------------------------
     0 | D        | Found the +∞ Axe of Woe
     0 | D        | Kallu the Djinni Warper began the quest for the Orb.
     0 | D        | Kallu set off with the following spells memorised: Blink,
                  | Lesser Beckoning, Teleport Other, Manifold Assault, Vhi's
                  | Electric Charge.
     0 | D        | Reached XP level 1. HP: 18/18 MP: 0/0
     1 | D        | Noticed a meat berserker
     4 | D        | Became a worshipper of Makhleb the Destroyer
     5 | D        | Noticed a bag of meat
     5 | D        | Noticed a bag of meat
     5 | D        | Noticed a bag of meat
     5 | D        | Noticed a bag of meat
     6 | D        | Killed a meat berserker
     6 | D        | Noticed a bag of meat
     6 | D        | Noticed a bag of meat
     7 | D        | Reached skill level 15 in Fighting
     7 | D        | Reached XP level 2. HP: 43/43 MP: 0/0
     7 | D        | Reached XP level 3. HP: 49/49 MP: 0/0
     7 | D        | Learned a level 1 spell: Sandblast
     7 | D        | Reached XP level 4. HP: 55/55 MP: 0/0
     7 | D        | Reached XP level 5. HP: 60/60 MP: 0/0
     7 | D        | Learned a level 2 spell: Jinxbite
     7 | D        | Reached XP level 6. HP: 67/67 MP: 0/0
     7 | D        | Reached XP level 7. HP: 72/72 MP: 0/0
     7 | D        | Learned a level 3 spell: Vampiric Draining
     7 | D        | Reached XP level 8. HP: 78/78 MP: 0/0
     7 | D        | Reached XP level 9. HP: 85/85 MP: 0/0
     7 | D        | Learned a level 3 spell: Passwall
     7 | D        | Reached XP level 10. HP: 91/91 MP: 0/0
     7 | D        | Reached XP level 11. HP: 96/96 MP: 0/0
     7 | D        | Learned a level 5 spell: Metabolic Englaciation
     7 | D        | Reached XP level 12. HP: 103/103 MP: 0/0
     7 | D        | Noticed a bag of meat
     8 | D        | Noticed a meat berserker
     9 | D        | Killed a bag of meat
     9 | D        | Reached * piety under Makhleb
     9 | D        | Killed a bag of meat
     9 | D        | Killed a bag of meat
     9 | D        | Noticed a bag of meat
    10 | D        | Reached XP level 13. HP: 87/115 MP: 0/0
    10 | D        | Learned a level 5 spell: Summon Mana Viper
    10 | D        | Reached XP level 14. HP: 91/121 MP: 0/0
    10 | D        | Killed a bag of meat
    10 | D        | Reached ** piety under Makhleb
    10 | D        | Killed a bag of meat
    11 | D        | Noticed a bag of meat
    11 | D        | Noticed a meat berserker
    11 | D        | Noticed a bag of meat
    11 | D        | Noticed a bag of meat
    12 | D        | Noticed a bag of meat
    12 | D        | Noticed a bag of meat
    12 | D        | Noticed a meat berserker
    12 | D        | Noticed a bag of meat
    13 | D        | Noticed a large bag of meat
    13 | D        | Noticed a bag of meat
    13 | D        | Noticed a bag of meat
    13 | D        | Noticed a bag of meat
    13 | D        | Noticed a bag of meat
    13 | D        | Noticed a bag of meat
    13 | D        | Noticed a bag of meat
    13 | D        | Noticed a bag of meat
    13 | D        | Noticed a bag of meat
    13 | D        | Noticed a bag of meat
    13 | D        | Noticed a bag of meat
    13 | D        | Noticed a bag of meat
    13 | D        | Killed a bag of meat
    13 | D        | Noticed a bag of meat
    13 | D        | Noticed a bag of meat
    13 | D        | Noticed a bag of meat
    13 | D        | Noticed a bag of meat
    13 | D        | Noticed a bag of meat
    13 | D        | Noticed a bag of meat
    13 | D        | Noticed a meat berserker
    14 | D        | Reached XP level 15. HP: 125/133 MP: 0/0
    14 | D        | Learned a level 6 spell: Summon Cactus Giant
    14 | D        | Reached *** piety under Makhleb
    14 | D        | Killed a large bag of meat
    15 | D        | Reached XP level 16. HP: 128/145 MP: 0/0
    15 | D        | Noticed a large bag of meat
    15 | D        | Reached **** piety under Makhleb
    16 | D        | Killed a large bag of meat
    16 | D        | Reached ***** piety under Makhleb
    17 | D        | Reached skill level 27 in Spellcasting
    17 | D        | Reached skill level 27 in Conjurations
    17 | D        | Reached skill level 27 in Hexes
    17 | D        | Reached skill level 27 in Summonings
    17 | D        | Reached skill level 27 in Necromancy
    17 | D        | Reached skill level 27 in Translocations
    17 | D        | Reached skill level 27 in Fire Magic
    17 | D        | Reached skill level 27 in Ice Magic
    17 | D        | Reached skill level 27 in Air Magic
    17 | D        | Reached skill level 27 in Earth Magic
    17 | D        | Reached skill level 27 in Alchemy
    17 | D        | Reached XP level 17. HP: 142/158 MP: 0/0
    17 | D        | Learned a level 6 spell: Plasma Beam
    20 | D        | Reached skill level 27 in Fighting
    20 | D        | Reached skill level 27 in Axes
    20 | D        | Reached XP level 18. HP: 167/167 MP: 0/0
    20 | D        | Reached ****** piety under Makhleb
    22 | D        | Reached skill level 5 in Throwing
    22 | D        | Reached XP level 19. HP: 153/174 MP: 0/0
    22 | D        | Learned a level 7 spell: Monstrous Menagerie
    23 | D        | Reached skill level 15 in Armour
    24 | D        | Reached XP level 20. HP: 132/181 MP: 0/0
    25 | D        | Reached skill level 27 in Dodging
    25 | D        | Killed a meat berserker
    26 | D        | Reached skill level 27 in Unarmed Combat
    26 | D        | Reached XP level 21. HP: 187/187 MP: 0/0
    26 | D        | Learned a level 7 spell: Ozocubu's Refrigeration
    26 | D        | Killed a meat berserker
    27 | D        | Reached skill level 27 in Armour
    27 | D        | Killed a meat berserker
    28 | D        | Reached skill level 27 in Throwing
    28 | D        | Reached XP level 22. HP: 194/194 MP: 0/0
    28 | D        | Killed a meat berserker
    29 | D        | Reached skill level 5 in Short Blades
    29 | D        | Reached skill level 5 in Long Blades
    29 | D        | Reached skill level 5 in Maces & Flails
    29 | D        | Reached skill level 5 in Polearms
    29 | D        | Reached skill level 5 in Staves
    29 | D        | Reached skill level 5 in Ranged Weapons
    29 | D        | Reached skill level 5 in Stealth
    29 | D        | Reached skill level 5 in Shapeshifting
    29 | D        | Noticed a large bag of meat
    30 | D        | Killed a large bag of meat
    31 | D        | Reached skill level 10 in Short Blades
    31 | D        | Reached skill level 10 in Long Blades
    31 | D        | Reached skill level 10 in Staves
    31 | D        | Reached skill level 10 in Stealth
    31 | D        | Reached XP level 23. HP: 180/201 MP: 0/0
    31 | D        | Learned a level 7 spell: Enfeeble
    32 | D        | Noticed a destroyer
    32 | D        | Killed a destroyer
    32 | D        | Noticed a large bag of meat
    32 | D        | Noticed a destroyer
    33 | D        | Reached XP level 24. HP: 208/208 MP: 0/0
    33 | D        | Killed a large bag of meat
    33 | D        | Killed a destroyer
    35 | D        | Reached skill level 15 in Short Blades
    35 | D        | Reached skill level 15 in Long Blades
    35 | D        | Reached skill level 15 in Staves
    35 | D        | Reached skill level 15 in Stealth
    40 | D        | Reached skill level 15 in Maces & Flails
    40 | D        | Reached skill level 15 in Polearms
    40 | D        | Reached skill level 15 in Ranged Weapons
    40 | D        | Reached skill level 15 in Shapeshifting
    40 | D        | Reached XP level 25. HP: 214/214 MP: 0/0
    40 | D        | Learned a level 9 spell: Death's Door
    41 | D        | Noticed a destroyer
    42 | D        | Killed a destroyer
    43 | D        | Noticed a large bag of meat
    44 | D        | Killed a large bag of meat
    44 | D        | Noticed a destroyer
    45 | D        | Killed a destroyer
    48 | D        | Reached XP level 26. HP: 217/221 MP: 0/0
    48 | D        | Noticed an accursed
    49 | D        | Killed an accursed
    50 | D        | Noticed a large bag of meat
    50 | D        | Noticed an accursed
    51 | D        | Killed an accursed
    52 | D        | Reached XP level 27. HP: 116/228 MP: 0/0
    52 | D        | Learned a level 9 spell: Polar Vortex
    53 | D        | Killed a large bag of meat
    56 | D        | Noticed a tyrant
    57 | D        | Killed a tyrant
    57 | D        | Noticed a large bag of meat
    58 | D        | Killed a large bag of meat
    58 | D        | Noticed an accursed
    60 | D        | Killed an accursed
    60 | D        | Noticed a destroyer
    61 | D        | Killed a destroyer
    61 | D        | Noticed a tyrant
    62 | D        | Killed a tyrant
    62 | D        | Noticed a destroyer
    62 | D        | Noticed a meat beast
    63 | D        | Reached skill level 27 in Shields
    63 | D        | Reached skill level 27 in Invocations
    63 | D        | Reached skill level 27 in Evocations
    63 | D        | Killed a destroyer
    63 | D        | Killed a meat beast
    64 | D        | Reached skill level 27 in Short Blades
    64 | D        | Reached skill level 27 in Long Blades
    64 | D        | Reached skill level 27 in Staves
    64 | D        | Reached skill level 27 in Stealth
    65 | D        | Reached skill level 27 in Maces & Flails
    65 | D        | Reached skill level 27 in Polearms
    65 | D        | Reached skill level 27 in Ranged Weapons
    65 | D        | Reached skill level 27 in Shapeshifting
    65 | D        | Noticed a tyrant
    65 | D        | Noticed a meat beast
    66 | D        | Killed a tyrant
    66 | D        | Killed a meat beast
    66 | D        | Noticed a meat beast
    66 | D        | Noticed a destroyer
    66 | D        | Noticed an accursed
    67 | D        | Killed an accursed
    68 | D        | Killed a meat beast
    68 | D        | Noticed an accursed
    68 | D        | Noticed a dread
    69 | D        | Killed a destroyer
    70 | D        | Killed a dread
    70 | D        | Killed an accursed
    71 | D        | Noticed a large bag of meat
    72 | D        | Killed a large bag of meat
    80 | D        | Noticed an accursed
    81 | D        | Killed an accursed
    82 | D        | Noticed a meat beast
    83 | D        | Killed a meat beast
    86 | D        | Noticed a destroyer
    87 | D        | Killed a destroyer
    88 | D        | Noticed a tyrant
    89 | D        | Killed a tyrant
    89 | D        | Noticed a destroyer
    90 | D        | Killed a destroyer
    90 | D        | Noticed a meat beast
    91 | D        | Noticed a meat beast
    91 | D        | Noticed an accursed
    92 | D        | Killed a meat beast
    92 | D        | Killed an accursed
    93 | D        | Noticed a tyrant
    93 | D        | Noticed a meat beast
    94 | D        | Killed a tyrant
    94 | D        | Killed a meat beast
    94 | D        | Noticed a tyrant
    95 | D        | Killed a tyrant
    96 | D        | Noticed a meat beast
    97 | D        | Killed a meat beast
    98 | D        | Noticed an accursed
    99 | D        | Killed an accursed
    99 | D        | Noticed an accursed
   100 | D        | Killed an accursed
   102 | D        | Killed a meat beast
   103 | D        | Noticed a dread
   103 | D        | Killed a dread
   108 | D        | Noticed a tyrant
   109 | D        | Killed a tyrant
   110 | D        | Noticed a meat beast
   111 | D        | Killed a meat beast
   113 | D        | Noticed a tyrant
   114 | D        | Noticed a fleshlord
   114 | D        | Killed a fleshlord
   114 | D        | Killed a tyrant
   115 | D        | Noticed a destroyer
   115 | D        | Noticed a destroyer
   116 | D        | Killed a destroyer
   116 | D        | Killed a destroyer
   117 | D        | Noticed a tyrant
   117 | D        | Noticed a tyrant
   117 | D        | Noticed a destroyer
   118 | D        | Killed a tyrant
   118 | D        | Killed a tyrant
   119 | D        | Killed a destroyer
   119 | D        | Noticed a fleshlord
   119 | D        | Noticed a fleshlord
   120 | D        | Killed a fleshlord
   120 | D        | Killed a fleshlord
   120 | D        | Noticed a fleshlord
   121 | D        | Killed a fleshlord
   121 | D        | Noticed a fleshlord
   122 | D        | Killed a fleshlord
   122 | D        | Noticed a meat beast
   123 | D        | Noticed a fleshlord
   123 | D        | Killed a fleshlord
   123 | D        | Killed a meat beast
   126 | D        | Noticed The Captor
   127 | D        | Killed The Captor
   127 | D        | Noticed a fleshlord
   128 | D        | Killed a fleshlord
   128 | D        | Noticed a destroyer
   129 | D        | Killed a destroyer
   130 | D        | Noticed a tyrant
   130 | D        | Noticed a fleshlord
   130 | D        | Noticed a dread
   131 | D        | Killed a dread
   131 | D        | Killed a fleshlord
   132 | D        | Killed a tyrant
   133 | D        | Noticed a large bag of meat
   134 | D        | Killed a large bag of meat
   134 | D        | Noticed a meat beast
   135 | D        | Killed a meat beast
   135 | D        | Noticed a meat beast
   135 | D        | Noticed a fleshlord
   136 | D        | Killed a meat beast
   136 | D        | Killed a fleshlord
   137 | D        | Noticed a fleshlord
   138 | D        | Killed a fleshlord
   138 | D        | Noticed a dread
   139 | D        | Killed a dread
   140 | D        | Noticed a fleshlord
   141 | D        | Killed a fleshlord
   141 | D        | Noticed a destroyer
   142 | D        | Killed a destroyer
   146 | D        | Noticed a meat beast
   147 | D        | Killed a meat beast
   150 | D        | Noticed a dread
   150 | D        | Noticed a dread
   151 | D        | Noticed a meat beast
   151 | D        | Noticed a fleshlord
   151 | D        | Noticed a large bag of meat
   151 | D        | Noticed an accursed
   151 | D        | Killed a dread
   151 | D        | Noticed a large bag of meat
   151 | D        | Noticed a destroyer
   152 | D        | Noticed a fleshlord
   152 | D        | Noticed a fleshlord
   152 | D        | Noticed a fleshlord
   152 | D        | Killed a meat beast
   152 | D        | Killed a dread
   153 | D        | Noticed a fleshlord
   153 | D        | Noticed The Meatlord
   153 | D        | Noticed a dread
   153 | D        | Killed a fleshlord
   153 | D        | Killed an accursed
   154 | D        | Mangled by a bag of meat

Illustrated notes

Levels and vault maps discovered:
D:        meatsprint

Skill      XL: |  1  2  3  4  5  6  7  8  9 10 11 12 13 14 15 16 17 18 19 20 21 22 23 24 25 26 27 |
---------------+----------------------------------------------------------------------------------+-----
Fighting       | 15 18 21 23 26 27 | 27.0
Axes           | 13 16 17 19 22 27 | 27.0
Spellcasting   | 16 20 22 24 27 | 27.0
Conjurations   | 16 20 22 24 27 | 27.0
Hexes          | 16 20 22 24 27 | 27.0
Summonings     | 16 20 22 24 27 | 27.0
Necromancy     | 16 20 22 24 27 | 27.0
Translocations | 16 20 22 24 27 | 27.0
Fire Magic     | 16 20 22 24 27 | 27.0
Ice Magic      | 16 20 22 24 27 | 27.0
Air Magic      | 16 20 22 24 27 | 27.0
Earth Magic    | 16 20 22 24 27 | 27.0
Alchemy        | 16 20 22 24 27 | 27.0
Throwing       | 5 7 12 27 | 27.0
Armour         | 11 17 26 27 | 27.0
Dodging        | 18 25 27 | 27.0
Unarmed Combat | 17 23 27 | 27.0
Short Blades   | 10 13 16 19 21 27 | 27.0
Long Blades    | 10 13 16 19 21 27 | 27.0
Maces & Flails | 9 12 15 17 19 27 | 27.0
Polearms       | 9 12 15 17 19 27 | 27.0
Staves         | 10 13 16 19 21 27 | 27.0
Ranged Weapons | 9 12 15 17 19 27 | 27.0
Stealth        | 10 13 16 19 21 27 | 27.0
Shields        | 11 14 17 20 23 27 | 27.0
Invocations    | 11 14 17 20 23 27 | 27.0
Evocations     | 11 14 17 20 23 27 | 27.0
Shapeshifting  | 9 12 15 17 19 27 | 27.0

Action                     |  1- 3 |  4- 6 |  7- 9 | 10-12 | 13-15 | 16-18 | 19-21 | 22-24 | 25-27 || total
---------------------------+-------+-------+-------+-------+-------+-------+-------+-------+-------++-------
  Melee: Executioner's axe |     1 |       |       |     1 |     3 |    10 |    20 |    20 |   172 ||   227
   Cast: Vhi's Electric Ch |       |       |       |       |     2 |     2 |       |       |     3 ||     7
         Manifold Assault  |       |       |       |       |       |     2 |     5 |     8 |    80 ||    95
    Use: Potion            |       |       |       |       |       |       |       |       |     1 ||     1
 Armour: Leather armour    |       |       |       |     1 |     2 |     4 |     4 |     1 |     5 ||    17
  Dodge: Dodged            |       |       |       |       |     2 |     1 |     4 |       |     2 ||     9
